 Dungeon Crawl Stone Soup version 0.28-a0-1382-g92835e5c71 (webtiles) character file.

Game seed: 7870540220993734829

2841 rogsnak the Destroyer (level 9, -9/59 HPs)
             Began as a Demonspawn Air Elementalist on Jan 2, 2022.
             Was a Follower of Sif Muna.
             Mangled by a swamp worm (12 damage)
             ... on level 9 of the Dungeon.
             The game lasted 00:20:23 (10624 turns).

rogsnak the Destroyer (DsAE)                       Turns: 10624, Time: 00:20:24

Health: -9/59      AC:  4    Str:  8 (9)  XL:     9   Next: 46%
Magic:  2/19       EV: 12    Int: 22 (23) God:    Sif Muna [*.....]
Gold:   506        SH:  0    Dex: 12 (15) Spells: 11/22 levels left

rFire   . . .      SeeInvis +   k - +3 dagger (venom)
rCold   . . .      Faith    .   (no shield)
rNeg    . . .      Spirit   .   a - +0 robe
rPois   .          Reflect  .   (helmet restricted)
rElec   .          Harm     .   A - +0 cloak
rCorr   .          Rampage  .   y - +0 pair of gloves
Will    .....                   (no boots)
Stlth   +++.......              (no amulet)
HPRegen 0.19/turn               i - ring of flight
MPRegen 0.16/turn               x - ring of see invisible

@: attractive, flying
A: horns 2, thin skeletal structure 1, powered by pain 2, demonic magic 1,
clever 1
a: Renounce Religion, Channel Magic


You were on level 9 of the Dungeon.
You worshipped Sif Muna.
Sif Muna was aware of your devotion.
You visited 2 branches of the dungeon, and saw 10 of its levels.

You collected 506 gold pieces.

Inventory:

Hand Weapons
 c - a +0 short sword
 g - a +2 whip of freezing
 k - a +3 dagger of venom (weapon)
Missiles
 l - 17 poisoned darts
 F - 2 silver javelins
Armour
 a - a +0 robe (worn)
 w - a +0 buckler
 y - a +0 pair of gloves (worn)
 A - a +0 cloak (worn)
 B - the +6 shadow dragon scales "Burur" {rElec Slay+3 Stlth++++}
   (You found it on level 7 of the Dungeon)

   Slay:      It affects your accuracy & damage with ranged weapons and melee
   (+3).
   rElec:     It insulates you from electricity.
   Stlth:     It makes you much more stealthy.
Magical Staves
 p - a staff of conjuration
Jewellery
 i - a ring of flight (left hand)
 x - a ring of see invisible (right hand)
 D - an amulet of guardian spirit
Wands
 v - a wand of digging (13)
 C - a wand of polymorph (10)
Scrolls
 b - 9 scrolls of identify {unknown}
 d - 5 scrolls of blinking {unknown}
 e - 3 scrolls of fear {unknown}
 f - a scroll of fog {unknown}
 h - 2 scrolls of immolation {unknown}
 m - 3 scrolls of amnesia {unknown}
 n - a scroll of enchant weapon {unknown}
 q - a scroll of noise {unknown}
 s - a scroll of vulnerability {unknown}
 z - a scroll of enchant armour {unknown}
 E - 2 scrolls of teleportation {unknown}
 G - a scroll of magic mapping {unknown}
 H - a scroll of acquirement {unknown}
Potions
 j - a potion of cancellation
 o - a potion of degeneration
 r - a potion of curing {unknown}
 t - a potion of mutation
 u - a potion of haste {unknown}
 I - a potion of attraction


   Skills:
 + Level 1.0 Fighting
 + Level 2.2 Dodging
 - Level 2.0 Stealth
 + Level 7.1 Spellcasting
 * Level 8.6 Conjurations
 + Level 6.2 Air Magic


You had 11 spell levels left.
You knew the following spells:

 Your Spells              Type           Power      Damage    Failure   Level
a - Shock                 Conj/Air       100%       1d9       1%          1
b - Swiftness             Air            35%        N/A       1%          3
c - Airstrike             Air            17%        N/A       6%          4
d - Stone Arrow           Conj/Erth      52%        3d10      4%          3

Your spell library contained the following spells:

 Spells                   Type           Power      Damage    Failure   Level
 Static Discharge         Conj/Air       40%        N/A       1%          2
 Dazzling Flash           Conj/Hex       52%        N/A       4%          3
 Sandblast                Erth           14%        2d6       9%          1
 Ensorcelled Hibernation  Hex/Ice        14%        N/A       12%         2
 Iskenderun's Mystic Bla  Conj/Tloc      26%        2d7       14%         4
 Inner Flame              Hex/Fire       7%         N/A       24%         3
 Portal Projectile        Hex/Tloc       14%        N/A       24%         3
 Spider Form              Tmut/Pois      7%         N/A       24%         3
 Tukima's Dance           Hex            7%         N/A       24%         3
 Starburst                Conj/Fire      13%        6d5       91%         6
 Blade Hands              Tmut           3%         N/A       92%         5
 Excruciating Wounds      Necr           3%         N/A       92%         5


Dungeon Overview and Level Annotations

Branches:
Dungeon (9/15)             Temple (1/1) D:7
   Lair: D:8-11         Orc: D:9-12

Altars:
Cheibriados
Elyvilon
Gozag
Hepliaklqana
Nemelex Xobeh
Sif Muna
Vehumet
Wu Jian
Xom
Yredelemnul
The Shining One

Shops:
D:5 (*=*   D:7 *


Innate Abilities, Weirdness & Mutations

You have a pair of horns on your head.
You have a somewhat thin skeletal structure. (Dex +2, Stealth+)
You sometimes gain power by taking damage.
Spells you cast may paralyse adjacent enemies.
Your mind is acute. (Int +2)


Message History

Okay, then.
Casting: Shock (safe; 1% risk of failure)
Confirm with . or Enter, or press ? or * to list all spells.
Aiming: Shock (safe; 1% risk of failure)
Press: ? - help, Shift-Dir - straight line, f/p - swamp worm
Aim: a swamp worm (severely wounded, very poisoned, 67% to hit)
That beam is likely to hit you.
Continue anyway?
Okay, then.
Unknown command.
Unknown command.
It was a potion of cancellation.
You feel magically purged. The swamp worm barely misses you. x2
It was a potion of degeneration.
There was something very wrong with that liquid.
You feel weakened.
You feel dopey.
You feel clumsy.
A nearby plant withers and dies.
The swamp worm bites you but does no damage.
It was a potion of mutation.
You feel extremely strange.
You feel clever. The swamp worm barely misses you.
Okay, then.
It was a potion of attraction.
You feel attractive to monsters. The swamp worm closely misses you.
You hit the swamp worm.
The swamp worm looks as sick as possible!
The swamp worm is almost dead.
The swamp worm bites you.
* * * LOW HITPOINT WARNING * * *
Unknown command.
Casting: Shock (safe; 1% risk of failure)
Confirm with . or Enter, or press ? or * to list all spells.
Aiming: Shock (safe; 1% risk of failure)
Press: ? - help, Shift-Dir - straight line, f/p - swamp worm
Aim: a swamp worm (almost dead, extremely poisoned, 67% to hit)
Okay, then.
You barely miss the swamp worm. Your headbutt misses the swamp worm.
The swamp worm is almost dead.
The swamp worm bites you!
You die...

#.<........# #........ #
#..........# #........ ..
#..........###........
#.#............#........
#............#.'..).)...
###.......)≈≈)))).).....
#(......≈≈≈≈≈≈≈....... .
####..≈≈≈≈###≈≈)≈##'## #.
###..@≈≈###≈###≈≈≈#..# ...
#....≈wP#?≈≈≈≈##≈≈##.# ....
#....≈≈≈≈≈≈≈≈≈≈#≈≈....
.....#####....≈≈≈#†≈≈≈≈##≈≈....
........##....≈≈≈###≈###≈≈≈....
...(.##.)>.....≈≈≈≈###≈≈≈≈.....
... ####.......≈≈≈≈≈≈≈....... #
#####.#..≈≈≈≈≈###.....
#..#...#### ####.


You could see a swamp worm (extremely poisoned).

Vanquished Creatures
  Grinder (D:3)
  Menkaure (D:6)
  A swamp worm (D:9)
  A water moccasin (D:7)
  An acid dragon (D:8)
  A sky beast (D:6)
  A necrophage (D:5)
  An orc warrior (D:9)
  2 ice beasts
  3 ogres
  A phantom (D:6)
  A kobold brigand (D:9)
  A bullfrog (D:9)
  2 scorpions
  5 killer bees (D:8)
  2 howler monkeys (D:8)
  4 wights (D:8)
  A vampire bat (D:5)
  2 bullfrog zombies
  2 hounds (D:5)
  3 centaur skeletons
  An orc priest (D:7)
  A bullfrog skeleton (D:7)
  Jessica (D:2)
  3 iguanas
  3 orc wizards
  2 killer bee zombies (D:7)
  A hound skeleton (D:5)
  Robin (D:3)
  5 adders
  2 shadow imps
  A white imp (D:6)
  An adder skeleton (D:5)
  6 dart slugs
  14 orcs
  9 bats
  5 endoplasms
  5 giant cockroaches
  17 goblins
  8 hobgoblins
  12 kobolds
  5 quokkas
  5 ball pythons
  2 frilled lizards
  2 rats
149 creatures vanquished.

Vanquished Creatures (others)
  6 plants
6 creatures vanquished.

Grand Total: 155 creatures vanquished

Notes
Turn   | Place    | Note
-------+----------+-------------------------------------------
     0 | D:1      | rogsnak the Demonspawn Air Elementalist began the quest for
                  | the Orb.
     0 | D:1      | Reached XP level 1. HP: 13/13 MP: 3/3
   480 | D:1      | Gained mutation: Spells you cast may paralyse adjacent
                  | enemies. [demonic ancestry]
   480 | D:1      | Reached XP level 2. HP: 19/19 MP: 1/5
  1193 | D:1      | Reached XP level 3. HP: 24/24 MP: 1/6
  1551 | D:2      | Got the Reference Book on Captivating Clay
  1751 | D:2      | Reached skill level 2 in Conjurations
  1806 | D:2      | Noticed Jessica
  1835 | D:2      | Killed Jessica
  1836 | D:2      | Reached XP level 4. HP: 30/30 MP: 2/7
  1905 | D:2      | Found a faded altar of an unknown god.
  2563 | D:3      | Noticed Robin
  2765 | D:3      | Killed Robin
  2840 | D:3      | Learned a level 3 spell: Swiftness
  2845 | D:3      | Learned a level 4 spell: Airstrike
  3015 | D:3      | Gained mutation: You have a somewhat thin skeletal
                  | structure. (Dex +2, Stealth+) [demonic ancestry]
  3015 | D:3      | Reached XP level 5. HP: 35/35 MP: 6/9
  3094 | D:3      | Found an ornate altar of the Wu Jian Council.
  3095 | D:3      | Found a radiant altar of Vehumet.
  3096 | D:3      | Found a hazy altar of Hepliaklqana.
  3273 | D:3      | Reached skill level 3 in Conjurations
  3580 | D:3      | Noticed Grinder
  3581 | D:3      | Paralysed by Grinder for 3 turns
  3646 | D:3      | Paralysed by Grinder for 6 turns
  3753 | D:3      | Paralysed by Grinder for 5 turns
  3769 | D:3      | Killed Grinder
  3770 | D:3      | Gained mutation: You have a pair of small horns on your
                  | head. [demonic ancestry]
  3770 | D:3      | Reached XP level 6. HP: 35/41 MP: 1/11
  4039 | D:4      | Reached skill level 4 in Conjurations
  4946 | D:5      | Entered Level 5 of the Dungeon
  5180 | D:5      | Found Raos's Assorted Antiques.
  5223 | D:5      | Gained mutation: You have a pair of horns on your head.
                  | [demonic ancestry]
  5223 | D:5      | Reached XP level 7. HP: 46/46 MP: 6/13
  5431 | D:5      | Found Rokounin's Jewellery Boutique.
  5462 | D:5      | Found Ybuowagh's Weapon Boutique.
  5535 | D:5      | Reached skill level 5 in Conjurations
  5587 | D:5      | Found Caeqian's General Store.
  6516 | D:6      | Reached skill level 5 in Air Magic
  6558 | D:6      | Reached skill level 6 in Conjurations
  6558 | D:6      | Gained mutation: You sometimes gain a little power by
                  | taking damage. [demonic ancestry]
  6558 | D:6      | Reached XP level 8. HP: 52/52 MP: 6/15
  6662 | D:6      | Noticed Menkaure
  6749 | D:6      | Killed Menkaure
  6750 | D:6      | Reached skill level 5 in Spellcasting
  7341 | D:6      | Reached skill level 7 in Conjurations
  8054 | D:7      | Found a staircase to the Ecumenical Temple.
  8061 | Temple   | Entered the Ecumenical Temple
  8109 | Temple   | Became a worshipper of Sif Muna the Loreminder
  8398 | D:7      | Identified the +6 shadow dragon scales "Burur" {rElec
                  | Slay+3 Stlth++++}
  8647 | D:7      | Found Fiteywoj's Overcharged Wands.
  9281 | D:8      | Gained mutation: You sometimes gain power by taking damage.
                  | [demonic ancestry]
  9281 | D:8      | Reached XP level 9. HP: 52/58 MP: 13/18
  9294 | D:8      | Reached skill level 8 in Conjurations
 10274 | D:9      | Learned a level 3 spell: Stone Arrow
 10293 | D:9      | Reached * piety under Sif Muna
 10317 | D:9      | Reached skill level 1 in Fighting
 10621 | D:9      | Gained mutation: Your mind is acute. (Int +2) [potion of
                  | mutation]
 10624 | D:9      | Mangled by a swamp worm

Illustrated notes

Levels and vault maps discovered:
D:1:      nicolae_arrival_memento_mori, layout_basic, serial_aquarium,
          aquarium_bridge_long_joined [aquarium_subvault_wall,
          aquarium_subvault_bridge, aquarium_subvault_bridge,
          aquarium_subvault_balcony, aquarium_subvault_bridge,
          aquarium_subvault_wall], aquarium_bridge_straight
          [aquarium_subvault_bridge, aquarium_subvault_window,
          aquarium_subvault_bridge, aquarium_subvault_balcony],
          aquarium_window_corridor_1, aquarium_window_fake, aquarium_window_1,
          aquarium_view_2f, aquarium_pool_2, serial_bayou_lagoon_a,
          minmay_split_cup_large
D:2:      layout_loops_ring, hellmonk_ecumenical_altar_prayer_group,
          uniq_jessica
D:3:      layout_loops_corners, mainiacjoe_overflow_alcove_3, uniq_robin,
          uniq_grinder
D:4:      layout_basic, grunt_ministairs_9
D:5:      layout_gridville, serial_shops, nicolae_shop_advertising_works
          [nicolae_subvault_shop_adworks], shop,
          nicolae_shop_temple_entry_statues_fountains, shop_fountains,
          roderic_batcave, bh_walls_and_bars
D:6:      layout_basic, uniq_menkaure
D:7:      layout_basic, minmay_temple_entry_wispy,
          nicolae_shop_overcharged_wands
D:8:      layout_loops_corners
D:9:      layout_roguey, worms_lemuel, uniq_pikel
Temple:   hc_temple_tempest_star

Skill      XL: |  1  2  3  4  5  6  7  8  9 |
---------------+----------------------------+-----
Air Magic      | 3 4 5 6 |  6.2
Dodging        | 2 |  2.2
Conjurations   | 2 3 4 6 7 8 |  8.6
Spellcasting   | 3 4 6 7 |  7.1
Stealth        | 2 |  2.0
Fighting       | 1 |  1.0

Action                   |  1- 3 |  4- 6 |  7- 9 || total
-------------------------+-------+-------+-------++-------
Melee: Short sword       |     7 |       |       ||     7
       Whip              |     5 |     3 |       ||     8
       Dagger            |       |    12 |    15 ||    27
       Staff             |       |       |     9 ||     9
 Cast: Shock             |    69 |    96 |   205 ||   370
       Airstrike         |       |       |    16 ||    16
  Use: Potion            |       |       |     4 ||     4
 Stab: Paralysed         |       |       |     5 ||     5
Armor: Robe              |     3 |     4 |     4 ||    11
Dodge: Dodged            |     7 |    13 |    40 ||    60

Table legend: (Time is in decaauts)
 A = Elapsed time spent in this place.
 B = Non-inter-level travel time spent in this place.
 C = Inter-level travel time spent in this place.
 D = Time resting spent in this place.
 E = Time spent auto-exploring this place.
 F = Levels seen in this place.
 G = Mean time per level.
                   A        B        C        D        E       F      G
               +--------+--------+--------+--------+--------+-----+--------+
         Total |  10626 |  10464 |    162 |   1500 |   7581 |  10 | 1062.6 |
       Dungeon |  10565 |  10403 |    162 |   1500 |   7556 |   9 | 1173.9 |
        Temple |     60 |     60 |      0 |      0 |     25 |   1 |   60.0 |
               +--------+--------+--------+--------+--------+-----+--------+

Top non-repeatable levels by time:
     D:3: 1623 daAuts
     D:5: 1547 daAuts
     D:1: 1393 daAuts
     D:6: 1308 daAuts
     D:7: 1274 daAuts
     D:8: 1132 daAuts
     D:4: 1013 daAuts
     D:2: 919 daAuts
     D:9: 354 daAuts
  Temple: 60 daAuts
